 Dungeon Crawl Stone Soup version 0.19.0-22-gd96e5fe (webtiles) character file.

52254 Minion the Severer (level 14, -4/127 HPs)
             Began as a Hill Orc Fighter on Nov 18, 2016.
             Was a High Priest of Okawaru.
             Slain by an orc warlord
             ... wielding a +3 war axe of chopping
              (9 damage)
             ... on level 2 of the Orcish Mines.
             The game lasted 01:23:08 (17198 turns).

Minion the Severer (Hill Orc Fighter)              Turns: 17198, Time: 01:23:09

Health: -4/127     AC: 26    Str: 25    XL:     14   Next: 63%
Magic:  12/18      EV: 16    Int:  8    God:    Okawaru [*****.]
Gold:   1509       SH:  2    Dex: 14    Spells: 0 memorised, 13 levels left

rFire  + . .     SeeInvis .     y - +3 executioner's axe (flame)
rCold  . . .     Gourm    .     O - +4 chain mail of Mezcal {+Blink Regen+ Slay+2}
rNeg   . . .     Faith    .     (shield currently unavailable)
rPois  +         Spirit   .     h - +2 hat {MR+}
rElec  .         Reflect  +     (no cloak)
rCorr  .         Harm     .     X - +3 pair of gloves of Pride {rPois}
MR     ++...                    E - +0 pair of boots
Stlth  +.........               U - +2 amulet of reflection
                                D - +5 ring of strength
                                K - ring of protection from fire

@: heroism, finesse
A: no striking features
a: Heroism, Finesse, Renounce Religion, Evoke Blink


You were on level 2 of the Orcish Mines.
You worshipped Okawaru.
Okawaru was extremely pleased with you.
You were not hungry.

You visited 4 branches of the dungeon, and saw 19 of its levels.
You also visited: Ice Cave and Volcano.

You collected 1509 gold pieces.

Inventory:

Hand Weapons
 b - a +5 demon whip of venom
 y - a +3 executioner's axe of flaming (weapon)
Armour
 h - a +2 hat of magic resistance (worn)
 t - a +2 scale mail of fire resistance
 E - a +0 pair of boots (worn)
 O - the +4 chain mail of Mezcal (worn) {+Blink Regen+ Slay+2}
   (You found it on level 3 of the Lair of Beasts)

   It affects your accuracy and damage with ranged weapons and melee attacks
   (+2).
   It lets you blink.
   It increases your rate of regeneration.
 X - the +3 pair of gloves of Pride (worn) {rPois}
   (Okawaru gifted it to you on level 1 of the Orcish Mines)

   It protects you from poison.
Jewellery
 p - an uncursed ring of poison resistance
 v - an uncursed amulet of regeneration
 D - a +5 ring of strength (right hand)
 K - a ring of protection from fire (left hand)
 U - a +2 amulet of reflection (around neck)
Wands
 a - a wand of random effects (25/48)
 x - a wand of heal wounds (3/9)
 V - a wand of polymorph (11/24)
Scrolls
 e - 5 scrolls of magic mapping
 g - 4 scrolls of identify
 i - 2 scrolls of amnesia
 j - 3 scrolls of recharging
 k - 7 scrolls of teleportation
 l - 9 scrolls of remove curse
 q - a scroll of fog
 G - a scroll of enchant armour
 M - 2 scrolls of fear
 Q - a scroll of immolation
 T - 4 scrolls of blinking {unknown}
Potions
 c - 4 potions of curing
 r - 3 potions of magic
 s - 2 potions of brilliance
 u - 2 potions of berserk rage
 w - a potion of might
 z - a potion of heal wounds
 C - a potion of invisibility
 F - 2 potions of flight
 I - 2 potions of resistance
 J - a potion of agility
 L - a potion of haste
Books
 m - a book of Changes

   Spells                             Type                      Level
   a - Beastly Appendage              Transmutation                1
   b - Sticks to Snakes               Transmutation                2
   c - Spider Form                    Transmutation/Poison         3
   d - Ice Form                       Ice/Transmutation            4
   e - Blade Hands                    Transmutation                5
 n - the Compendium of Glacial Bewitchment
   (You found it on level 7 of the Dungeon)

   Spells                             Type                      Level
   a - Freeze                         Ice                          1
   b - Ensorcelled Hibernation        Hexes/Ice                    2
   c - Summon Guardian Golem          Hexes/Summoning              3
   d - Gell's Gravitas                Hexes/Translocation          3
   e - Yara's Violent Unravelling     Hexes/Transmutation          5
   f - Invisibility                   Hexes                        6
 B - a book of Clouds

   Spells                             Type                      Level
   a - Mephitic Cloud                 Conjuration/Poison/Air       3
   b - Conjure Flame                  Conjuration/Fire             3
   c - Poisonous Cloud                Conjuration/Poison/Air       6
   d - Freezing Cloud                 Conjuration/Ice/Air          6
   e - Ring of Flames                 Charms/Fire                  7
 R - a book of Maledictions

   Spells                             Type                      Level
   a - Corona                         Hexes                        1
   b - Ensorcelled Hibernation        Hexes/Ice                    2
   c - Confuse                        Hexes                        3
   d - Tukima's Dance                 Hexes                        3
   e - Dazzling Spray                 Conjuration/Hexes            3
 S - a book of Misfortune

   Spells                             Type                      Level
   a - Confusing Touch                Hexes                        1
   b - Confuse                        Hexes                        3
   c - Gell's Gravitas                Hexes/Translocation          3
   d - Petrify                        Transmutation/Earth          4
   e - Metabolic Englaciation         Hexes/Ice                    5
   f - Yara's Violent Unravelling     Hexes/Transmutation          5
 W - a book of Summonings

   Spells                             Type                      Level
   a - Recall                         Summoning/Translocation      3
   b - Aura of Abjuration             Summoning                    5
   c - Summon Demon                   Summoning                    5
   d - Summon Forest                  Summoning/Translocation      5
   e - Summon Mana Viper              Hexes/Summoning              5
   f - Shadow Creatures               Summoning                    6
Comestibles
 d - 5 royal jellies
 f - 6 bread rations
 o - 4 beef jerkies
 A - 3 meat rations
 H - 14 fruits
 N - a chunk of flesh


   Skills:
 - Level 12.8(17.8) Fighting
 - Level 19.5(25.0) Axes
 - Level 6.9(18.0) Maces & Flails
 + Level 10.4(15.4) Armour
 + Level 7.5(12.5) Dodging
 - Level 3.2(8.2) Stealth
   Level 3.2(8.2) Shields
 - Level 6.5 Invocations
 - Level 5.1 Evocations


You had 13 spell levels left.
You didn't know any spells.

Dungeon Overview and Level Annotations

Branches:
Dungeon (10/15)            Temple (1/1) D:5            Lair (6/6) D:10
  Snake (0/4) Lair:4        Slime (0/5) Lair:5          Orc (2/2) D:10
  Swamp: Lair:2-4    Shoals: Lair:2-4       Elf: Orc:2

Altars:
Ashenzari
Cheibriados
Dithmenos
Elyvilon
Fedhas
Hepliaklqana
Kikubaaqudgha
Nemelex Xobeh
Okawaru
Qazlal
Ru
Trog
Vehumet
Xom
Yredelemnul
Beogh
Jiyva

Shops:
Orc:2 (*

Annotations:
Lair:3 exclusion: oklob plant
Lair:5 1 runed door
Lair:6 exclusion: oklob plant


Message History

* * * LOW HITPOINT WARNING * * *
Zapping:
x - a wand of heal wounds (3/9)
Press: ? - help, Shift-Dir - straight line, f - you
Okay, then.
You feel much better.
You feel like a meek peon again. The orc warlord closely misses you.
You block the orc knight's attack. The orc warlord blocks your attack.
The orc warlord is almost dead.
You barely miss the orc knight.
You gain the combat prowess of a mighty hero.
The orc knight no longer looks unusually strong.
The orc warlord roars a battlecry!
The orc knight goes into a battle-frenzy!
The orc knight hits you with a great mace of protection!!
* * * LOW HITPOINT WARNING * * *
You feel much better.
The orc warlord hits you with a war axe of chopping!!!
* * * LOW HITPOINT WARNING * * *
You die...

#
.##.................♣...≈
# #######.............≈≈≈
#####
#.....#...(......♣P≈≈≈≈
).'.#
#.....#.........###≈≈≈≈
###.# #..⌠)().........#
≈≈≈ #
#.#####....(#.......### #
#.#...#.....#..###...#
#.#..)###'############
###.'._))......o@o+
..###...#.##'###)##
..'.#...#.#)).#...#
..#.##'##.#...#...#
###.......#∩..#..∩#
#################


You could see an orc warlord and an orc knight.

Vanquished Creatures
  Kirke (Lair:4)
  The ghost of SaintRoka the Severer, a journeyman MiGl of Makhleb (Lair:3)
  Harold (Orc:1)
  3 hydras
  4 death yaks (Lair:6)
  Nergalle (Orc:1)
  A hell knight (Volcano)
  An orc high priest (Orc:1)
  An unseen horror (D:10)
  Pikel (D:8)
  2 hill giants
  2 orc knights (Orc:2)
  2 orc sorcerers
  2 ugly things
  3 cyclopes (Orc:1)
  5 elephants
  2 black mambas (Lair:6)
  12 spiny frogs
  A rime drake (Lair:2)
  A komodo dragon (Lair:5)
  3 yaktaurs (Volcano)
  5 polar bears (Lair:6)
  A troll (Orc:1)
  4 hornets
  7 blink frogs
  5 dream sheep (Lair:6)
  5 hippogriffs
  A two-headed ogre (Orc:2)
  A slime creature (Lair:3)
  A redback (Lair:6)
  10 spriggans (Lair:6)
  40 yaks
  A hog (Lair:5)
  2 hill giant zombies (D:10)
  3 basilisks
  2 hungry ghosts (D:10)
  6 nagas (Lair:4)
  5 wargs
  Edmund (D:5)
  A naga (shapeshifter) (D:8)
  7 water moccasins
  7 porcupines
  Duvessa (D:4)
  9 ice beasts
  A slave (D:8)
  17 orc warriors
  3 phantoms
  6 black bears
  An eye of draining (D:10)
  31 wolves
  4 boggarts (Lair:6)
  10 ogres
  6 centaurs
  17 crocodiles
  17 bullfrogs
  A wyvern zombie (D:10)
  Dowan (D:4)
  A water moccasin zombie (D:6)
  A water moccasin skeleton (D:8)
  2 scorpions
  7 killer bees
  A troll zombie (D:10)
  10 wights
  6 howler monkeys
  5 crimson imps
  A centaur skeleton (D:6)
  9 jellies
  2 bullfrog skeletons
  7 orc priests
  5 hounds
  19 orc wizards
  Ijyb (D:3)
  An iguana (D:10)
  8 worker ants
  3 ogre zombies (D:10)
  2 hound zombies (D:10)
  2 worker ant zombies
  7 adders
  8 gnolls
  3 howler monkey skeletons
  6 shadow imps
  12 white imps (Lair:3)
  24 oozes
  5 adder skeletons
  A dart slug (D:4)
  5 leopard geckos
  74 orcs
  3 ball pythons
  9 bats
  16 giant cockroaches
  4 goblins
  6 hobgoblins
  6 jackals
  10 frilled lizards
  6 goblin zombies (D:10)
  A hobgoblin skeleton (D:10)
  A hobgoblin zombie (D:10)
  3 kobolds (D:1)
  An orc skeleton (D:10)
  10 orc zombies (D:10)
  A quokka zombie (D:5)
  4 rats (D:1)
  A bush (Lair:6)
  7 fungi
  5 plants
622 creatures vanquished.

Vanquished Creatures (others)
  A slave (D:8)
  A crocodile (Lair:5)
  A killer bee (D:8)
  A howler monkey (D:8)
  A bush (Lair:6)
  9 fungi
  16 plants (Lair:6)
30 creatures vanquished.

Grand Total: 652 creatures vanquished

Notes
Turn   | Place    | Note
-------+----------+-------------------------------------------
     0 | D:1      | Minion the Hill Orc Fighter began the quest for the Orb.
     0 | D:1      | Reached XP level 1. HP: 19/19 MP: 1/1
    62 | D:1      | Reached skill level 3 in Axes
   150 | D:1      | Reached XP level 2. HP: 24/26 MP: 2/2
   186 | D:1      | Reached skill level 4 in Axes
   449 | D:1      | Reached XP level 3. HP: 29/31 MP: 3/3
   813 | D:2      | Reached skill level 5 in Axes
  1147 | D:2      | Reached XP level 4. HP: 39/39 MP: 4/4
  1519 | D:3      | Reached skill level 6 in Axes
  1599 | D:3      | Noticed Ijyb
  1629 | D:3      | Killed Ijyb
  1629 | D:3      | Reached XP level 5. HP: 44/45 MP: 5/5
  1910 | D:3      | Reached skill level 7 in Axes
  2322 | D:4      | Noticed Duvessa
  2323 | D:4      | Noticed Dowan
  2352 | D:4      | Killed Duvessa
  2352 | D:4      | Reached skill level 8 in Axes
  2352 | D:4      | Reached XP level 6. HP: 16/55 MP: 6/6
  2512 | D:4      | Killed Dowan
  2512 | D:4      | Reached skill level 5 in Fighting
  2714 | D:4      | Reached XP level 7. HP: 30/61 MP: 7/7
  2971 | D:5      | Entered Level 5 of the Dungeon
  2971 | D:5      | Found a staircase to the Ecumenical Temple.
  2979 | Temple   | Entered the Ecumenical Temple
  3018 | Temple   | Became a worshipper of Warmaster Okawaru
  3054 | D:5      | Reached skill level 9 in Axes
  3317 | D:5      | Found a blossoming altar of Fedhas.
  3484 | D:5      | Found a blossoming altar of Fedhas.
  3486 | D:5      | Noticed Edmund
  3514 | D:5      | Killed Edmund
  3514 | D:5      | Reached XP level 8. HP: 64/73 MP: 8/8
  3617 | D:5      | Reached skill level 10 in Axes
  3634 | D:5      | Found an ancient bone altar of Kikubaaqudgha.
  3641 | D:5      | Found a sparkling altar of Nemelex Xobeh.
  3690 | D:6      | Reached skill level 1 in Maces & Flails
  3779 | D:6      | Reached * piety under Okawaru
  4445 | D:8      | Noticed Pikel
  4566 | D:7      | Reached ** piety under Okawaru
  4598 | D:7      | Reached skill level 5 in Armour
  4598 | D:7      | Reached XP level 9. HP: 69/81 MP: 9/9
  4605 | D:7      | Reached skill level 5 in Maces & Flails
  4714 | D:7      | Found a sacrificial altar of Ru.
  4769 | D:7      | Identified a +0 rod of inaccuracy (14/14) (You found it on level 7 of the Dungeon)
  4783 | D:7      | Reached skill level 1 in Dodging
  4799 | D:7      | Identified the Compendium of Glacial Bewitchment
  5199 | D:7      | Reached *** piety under Okawaru
  5394 | D:8      | Killed Pikel
  5394 | D:8      | Reached skill level 11 in Axes
  5592 | D:8      | Reached skill level 1 in Invocations
  5608 | D:8      | Reached **** piety under Okawaru
  5608 | D:8      | Reached XP level 10. HP: 87/88 MP: 9/11
  5687 | D:8      | Noticed a green ugly thing
  5704 | D:8      | Killed a green ugly thing
  5704 | D:8      | Reached skill level 12 in Axes
  5845 | D:8      | Reached skill level 5 in Invocations
  5902 | D:8      | Identified a scroll of acquirement
  6801 | D:9      | Noticed a hill giant
  6811 | D:9      | Killed a hill giant
  6811 | D:9      | Reached ***** piety under Okawaru
  7467 | D:9      | Reached skill level 5 in Dodging
  7516 | D:9      | Reached skill level 13 in Axes
  7556 | D:10     | Entered Level 10 of the Dungeon
  7656 | D:10     | Noticed a hill giant
  7670 | D:10     | Killed a hill giant
  7670 | D:10     | Reached XP level 11. HP: 50/94 MP: 12/15
  8122 | D:10     | Found a staircase to the Lair.
  8223 | D:10     | Received a gift from Okawaru
  8257 | D:10     | Found a staircase to the Orcish Mines.
  8291 | D:10     | Reached skill level 14 in Axes
  8660 | D:10     | Killed an unseen horror
  8870 | Lair:1   | Entered Level 1 of the Lair of Beasts
  8917 | Lair:1   | Found a shimmering altar of Xom.
  9037 | Lair:1   | Reached skill level 1 in Evocations
  9057 | Lair:1   | Found a dark tunnel.
  9064 | Volcano  | Entered a volcano
  9145 | Volcano  | Noticed a hell knight
  9158 | Volcano  | Killed a hell knight
  9292 | Volcano  | Received a gift from Okawaru
  9363 | Lair:1   | Reached skill level 15 in Axes
  9563 | Lair:1   | Reached XP level 12. HP: 58/101 MP: 14/16
  9704 | Lair:1   | Reached skill level 5 in Evocations
 11020 | Lair:2   | Reached skill level 16 in Axes
 11538 | Lair:3   | Received a gift from Okawaru
 11543 | Lair:3   | Found a frozen archway.
 11554 | IceCv    | Entered an ice cave
 11805 | Lair:3   | Got a distressingly furry chain mail
 11816 | Lair:3   | Identified the +4 chain mail of Mezcal {+Blink Regen+ Slay+2} (You found it on level 3 of the Lair of Beasts)
 12142 | Lair:3   | Noticed SaintRoka's ghost (journeyman MiGl)
 12173 | Lair:3   | Killed SaintRoka's ghost
 12623 | Lair:4   | Reached skill level 17 in Axes
 12806 | Lair:4   | Found a staircase to the Snake Pit.
 13147 | Lair:5   | Noticed Kirke
 13284 | Lair:4   | Killed Kirke
 13284 | Lair:4   | Received a gift from Okawaru
 13284 | Lair:4   | Reached XP level 13. HP: 110/110 MP: 14/17
 13287 | Lair:4   | Got a smoking hat {god gift}
 13298 | Lair:4   | Identified the +0 hat of Soahiuth {Int+5 Slay+3} (Okawaru gifted it to you on level 4 of the Lair of Beasts)
 14055 | Lair:5   | Found a runed door.
 14056 | Lair:5   | Found a viscous altar of Jiyva.
 14076 | Lair:5   | Noticed an acid blob
 14077 | Lair:5   | Found a staircase to the Slime Pits.
 14077 | Lair:5   | Noticed an acid blob
 14333 | Lair:6   | Entered Level 6 of the Lair of Beasts
 14425 | Lair:6   | Reached skill level 10 in Fighting
 14426 | Lair:6   | Reached skill level 18 in Axes
 14668 | Lair:6   | Reached ****** piety under Okawaru
 14827 | Lair:6   | Received a gift from Okawaru
 14879 | Lair:6   | Reached skill level 19 in Axes
 14968 | Lair:6   | Reached XP level 14. HP: 117/126 MP: 16/18
 15934 | Lair:6   | Reached skill level 1 in Stealth
 16089 | Orc:1    | Entered Level 1 of the Orcish Mines
 16185 | Orc:1    | Noticed Harold
 16198 | Orc:1    | Received a gift from Okawaru
 16198 | Orc:1    | Killed Harold
 16205 | Orc:1    | Got a pair of spiked gloves {god gift}
 16216 | Orc:1    | Identified the +3 pair of gloves of Pride {rPois} (Okawaru gifted it to you on level 1 of the Orcish Mines)
 16299 | Orc:1    | Noticed Nergalle
 16308 | Orc:1    | Killed Nergalle
 16314 | Orc:1    | Reached skill level 10 in Armour
 16539 | Orc:2    | Entered Level 2 of the Orcish Mines
 16941 | Orc:2    | Found a roughly hewn altar of Beogh.
 17159 | Orc:2    | Found Fikunaze's Antique Weapon Boutique.
 17177 | Orc:2    | Found Ment's General Store.
 17178 | Orc:2    | Noticed an orc warlord
 17198 | Orc:2    | HP: 5/127 [orc warlord/war axe of chopping (36)]
 17198 | Orc:2    | Slain by an orc warlord

Skill      XL: |  1  2  3  4  5  6  7  8  9 10 11 12 13 14 |
---------------+-------------------------------------------+-----
Axes           | 3 4 5 6 8 9 10 11 13 15 17 19 | 19.5
Fighting       | 4 5 7 8 12 | 12.8
Maces & Flails | 4 5 6 |  6.9
Armour         | 5 6 7 9 10 | 10.4
Dodging        | 4 5 6 7 |  7.5
Invocations    | 1 6 |  6.5
Evocations     | 4 5 |  5.1
Stealth        | 3 |  3.2
Shields        | |  3.2

Action                   |  1- 3 |  4- 6 |  7- 9 | 10-12 | 13-15 || total
-------------------------+-------+-------+-------+-------+-------++-------
Melee: War axe           |   110 |   174 |    89 |   201 |       ||   574
       Flail             |       |       |   182 |       |       ||   182
       Hand axe          |       |       |    83 |    79 |       ||   162
       Executioner's axe |       |       |       |   365 |   438 ||   803
       Battleaxe         |       |       |       |    32 |       ||    32
       Unarmed           |       |       |       |     5 |       ||     5
Invok: Heroism           |       |       |     4 |    17 |    17 ||    38
       Finesse           |       |       |       |     5 |     1 ||     6
Evoke: Wand              |       |       |     3 |     5 |     2 ||    10
  Use: Potion            |       |     8 |     1 |       |     2 ||    11
       Scroll            |       |     3 |     5 |    18 |     1 ||    27
 Stab: Distracted        |       |       |       |       |     1 ||     1
  Eat: Chunk             |     1 |     4 |     8 |    10 |    10 ||    33
       Pizza             |       |     1 |       |     2 |       ||     3
       Bread ration      |       |       |     1 |     1 |       ||     2
       Beef jerky        |       |       |       |     2 |       ||     2
       Royal jelly       |       |       |       |     4 |     1 ||     5
Armor: Scale mail        |    48 |    57 |   115 |   188 |       ||   408
       Skin              |       |     2 |       |       |       ||     2
       Ring mail         |       |       |     4 |       |       ||     4
       Chain mail        |       |       |       |    26 |   171 ||   197
Dodge: Dodged            |    38 |    47 |   103 |   314 |   235 ||   737
Block: Shield            |    72 |    78 |   162 |   119 |       ||   431
       Other             |       |       |       |       |    18 ||    18
       Reflection        |       |       |       |       |     1 ||     1
